 Dungeon Crawl Stone Soup version 0.31-a0-924-ge39a22a033 (webtiles) character file.

Game seed: 1658748300778330465

1663 Malachi the Carver (level 8, -1/54 (56) HPs)
             Began as a Demonspawn Gladiator on Oct 18, 2023.
             Slain by a wight
             ... wielding a +5 long sword of freezing
              (12 damage)
             ... on level 6 of the Dungeon.
             The game lasted 00:08:08 (5119 turns).

Malachi the Carver (Demonspawn Gladiator)           Turns: 5119, Time: 00:08:09

HP:   -1/54 (56)    AC: 10    Str: 16    XL:     8   Next: 69%
MP:   8/8           EV: 12    Int:  9    God:
Gold: 284           SH:  0    Dex: 16    Spells: 7/7 levels left

rFire   . . .        a - +0 long sword
rCold   . . .        (no shield)
rNeg    . . .        q - +2 leather armour {rPois}
rPois   +            (helmet restricted)
rElec   .            (no cloak)
rCorr   .            o - +0 pair of gloves
SInv    .            b - +0 pair of boots
Will    .....        j - amulet of regeneration
Stlth   +            s - ring of flight
HPRegen 1.09/turn    (no ring)
MPRegen 0.11/turn

%: no passive effects
@: flying, lightly drained
A: horns 2, slimy green scales 2, powered by pain 2
a: no special abilities


You were on level 6 of the Dungeon.
You visited 1 branch of the dungeon, and saw 6 of its levels.

You collected 284 gold pieces.

Inventory:

Hand Weapons
 a - a +0 long sword (weapon)
Missiles
 d - 2 throwing nets (quivered)
 e - a javelin
 l - 6 darts of dispersal
 u - 10 poisoned darts
Armour
 b - a +0 pair of boots (worn)
 o - a +0 pair of gloves (worn)
 q - a +2 leather armour of poison resistance (worn)
Jewellery
 c - an amulet of reflection
 j - an amulet of regeneration (around neck)
 s - a ring of flight (left hand)
Wands
 g - a wand of digging (7)
Scrolls
 k - a scroll of torment
 n - 2 scrolls of teleportation
 r - a scroll of identify
 v - a scroll of blinking
Potions
 f - a potion of enlightenment
 i - a potion of berserk rage
 m - 2 potions of brilliance
 p - a potion of attraction
 t - a potion of magic {unknown}


   Skills:
 - Level 2.0 Fighting
 + Level 10.6 Long Blades
 - Level 1.7 Throwing
 - Level 2.6 Dodging


You had 7 spell levels left.
You didn't know any spells.
Your spell library contained the following spells:

 Spells                   Type           Power      Damage    Failure   Level
 Slow                     Hex            0%         N/A       45%         1
 Confusing Touch          Hex            0%         N/A       83%         3
 Frozen Ramparts          Ice            0%         1d1       83%         3
 Sigil of Binding         Hex            0%         N/A       83%         3
 Vampiric Draining        Necr           0%         2d6       83%         3
 Petrify                  Tmut/Erth      0%         N/A       99%         4
 Metabolic Englaciation   Hex/Ice        0%         N/A       100%        5


Dungeon Overview and Level Annotations

Branches:
Dungeon (6/15)
 Temple: D:4-7

Altars:
Cheibriados
Fedhas
Gozag
Kikubaaqudgha
Sif Muna
Uskayaw

Shops:
D:2 !   D:4 [(:   D:5 =*


Innate Abilities, Weirdness & Mutations

You have a pair of horns on your head.
You are mostly covered in slimy green scales. (AC +3)
You sometimes gain power by taking damage.


Message History

A wight is nearby!
A wight is nearby!
A jelly comes into view.
The wight hits you with a +2 flail of freezing.
The wight freezes you.
You see here a scroll of identify.
You slash the wight! You headbutt the wight.
The wight is severely damaged.
The wight hits you with a +2 flail of freezing.
You feel drained. The wight freezes you.
You slash the wight!
You destroy the wight!
The jelly quivers.
Your life force feels restored.
A wight comes into view.
It is wielding a +5 long sword of freezing.
Things that are here:
a +2 flail of freezing; a +0 robe A wight comes into view.
It is wielding a +0 halberd.
Found a plate armour.
Found a stone staircase leading down.
The jelly hits you but does no damage.
You barely miss the wight. Your headbutt misses the wight.
The wight hits you with a +5 long sword of freezing!
The wight freezes you.
The wight hits you from afar with a +0 halberd!
You feel drained. The jelly hits you but does no damage.
You are too injured to fight recklessly!
You are too injured to fight recklessly!
The wight attacks as it pursues you!
The wight hits you with a +5 long sword of freezing!
* * * LOW HITPOINT WARNING * * *
The wight freezes you.
* * * LOW HITPOINT WARNING * * *
The jelly attacks as it pursues you! The jelly hits you but does no damage.
Things that are here:
a +2 flail of freezing; a +0 robe You see here a scroll of identify.
Okay, then.
You feel better.
The wight hits you with a +5 long sword of freezing!
You die...

##.####...###+##.######...#
#..†........#.##..........#
#..##########..###(##.....#
#..#####........##.##.....#
#......#.>...8.....##.....##
##.....#...[.z..#####......#
##...### #J.# #.#...##
##....# #z## #.##.## ######
#.#@#######.# .#
#...........# .#
#....######## ####.# #.# #.#
#.# #.# #.#


You could see a jelly and 2 wights.

Vanquished Creatures
  Menkaure (D:5)
  Duvessa (D:5)
  A black bear (D:5)
  An ice beast (D:5)
  A centaur (D:5)
  2 ogres (D:5)
  A phantom (D:4)
  2 scorpions
  A wight (D:6)
  Dowan (D:5)
  4 killer bees (D:6)
  3 hounds (D:5)
  2 jellies (D:4)
  A gnoll bouda (D:5)
  An orc priest (D:5)
  A sleepcap (D:4)
  3 iguanas (D:5)
  6 adders
  7 gnolls
  A shadow imp (D:5)
  3 worms
  5 dart slugs
  7 orcs
  8 endoplasms
  2 giant cockroaches
  7 goblins
  4 hobgoblins
  9 jackals
  6 kobolds
  2 quokkas
  6 ball pythons
  6 bats
  3 frilled lizards
  3 rats
112 creatures vanquished.

Notes
Turn   | Place    | Note
-------+----------+-------------------------------------------
     0 | D:1      | Malachi the Demonspawn Gladiator began the quest for the
                  | Orb.
     0 | D:1      | Reached XP level 1. HP: 16/16 MP: 1/1
   116 | D:1      | Reached skill level 3 in Long Blades
   130 | D:1      | Gained mutation: You are partially covered in slimy green
                  | scales. (AC +2) [demonic ancestry]
   130 | D:1      | Reached XP level 2. HP: 6/22 MP: 2/2
   823 | D:1      | Gained mutation: You have a pair of small horns on your
                  | head. [demonic ancestry]
   823 | D:1      | Reached XP level 3. HP: 27/27 MP: 3/3
  1329 | D:2      | Reached skill level 4 in Long Blades
  1515 | D:2      | Found Qataq's Distillery.
  1962 | D:3      | Noticed a scorpion
  1975 | D:3      | Killed a scorpion
  1976 | D:3      | Reached skill level 5 in Long Blades
  1976 | D:3      | Reached XP level 4. HP: 29/33 MP: 4/4
  2036 | D:3      | Gained mutation: You sometimes gain a little power by
                  | taking damage. [demonic ancestry]
  2036 | D:3      | Reached XP level 5. HP: 37/38 MP: 5/5
  2090 | D:3      | Found a hide-covered altar of Uskayaw.
  2255 | D:3      | Identified the +0 robe of the Villain {Int+7}
  2522 | D:4      | Noticed a phantom
  2539 | D:4      | Killed a phantom
  2540 | D:4      | Reached skill level 6 in Long Blades
  2575 | D:4      | Found an opulent altar of Gozag.
  2620 | D:4      | Found an ancient bone altar of Kikubaaqudgha.
  2694 | D:4      | Gained mutation: You have a pair of horns on your head.
                  | [demonic ancestry]
  2694 | D:4      | Reached XP level 6. HP: 44/44 MP: 6/6
  2730 | D:4      | Found a shimmering blue altar of Sif Muna.
  2790 | D:4      | Found Festraufi's Armour Emporium.
  2792 | D:4      | Found Fuxabb's Antique Weapon Shop.
  2793 | D:4      | Found Wuateorgh's Book Boutique.
  2920 | D:4      | Found a blossoming altar of Fedhas.
  3269 | D:4      | Found a snail-covered altar of Cheibriados.
  3481 | D:5      | Entered Level 5 of the Dungeon
  3489 | D:5      | Reached skill level 7 in Long Blades
  3553 | D:5      | Gained mutation: You sometimes gain power by taking damage.
                  | [demonic ancestry]
  3553 | D:5      | Reached XP level 7. HP: 37/50 MP: 7/7
  3774 | D:5      | Reached skill level 8 in Long Blades
  3786 | D:5      | Found Behebufo's Neck Hole.
  3979 | D:5      | Reached skill level 9 in Long Blades
  3979 | D:5      | Gained mutation: You are mostly covered in slimy green
                  | scales. (AC +3) [demonic ancestry]
  3979 | D:5      | Reached XP level 8. HP: 21/56 MP: 8/8
  4060 | D:5      | Found Nezxa's Jewellery Emporium.
  4078 | D:5      | Noticed Menkaure
  4086 | D:5      | Killed Menkaure
  4494 | D:5      | Noticed Dowan
  4504 | D:5      | Killed Dowan
  4512 | D:5      | Noticed Duvessa
  4526 | D:5      | Killed Duvessa
  4527 | D:5      | Reached skill level 10 in Long Blades
  5119 | D:6      | Slain by a wight

Illustrated notes

Levels and vault maps discovered:
D:1:      nicolae_arrival_washed_ashore, layout_basic
D:2:      layout_rooms, serial_shops, nicolae_shop_statue_plus
D:3:      layout_basic, nicolae_uskayaw_murder_on_the_dancefloor
D:4:      layout_loops_cross, grunt_gozag_statues, amcnicky_altar_gilded,
          slow_altar_2, tso_oasis_becter, nicolae_overflow_hidden_temple,
          fedhas_altar_4, hex_large, nicolae_wooded_promenade, st_stairs_13
D:5:      layout_cave_pools, serial_shops, shop, minmay_misc_feat_ornament,
          nicolae_shop_sticking_my_neck_out, uniq_duvessa, uniq_menkaure
D:6:      layout_loops_ring, nicolae_qazlal_style_of_elements,
          grunt_ministairs_14, nrook_uturn, mrwooster_statue_mirror,
          bh_walls_and_bars

Skill      XL: |  1  2  3  4  5  6  7  8 |
---------------+-------------------------+-----
Long Blades    | 3 5 6 7 9 10 | 10.6
Fighting       | |  2.0
Throwing       | |  1.7
Dodging        | |  2.6

Action                     |  1- 3 |  4- 6 |  7- 9 || total
---------------------------+-------+-------+-------++-------
  Melee: Long sword        |   134 |   117 |   178 ||   429
         Punch             |     1 |     1 |     3 ||     5
         Headbutt          |     8 |    13 |    46 ||    67
  Throw: Throwing net      |       |       |     2 ||     2
    Use: Scroll            |       |     9 |     1 ||    10
         Potion            |       |       |     3 ||     3
   Stab: Sleeping          |     1 |     1 |       ||     2
         Held in net/web   |       |       |     1 ||     1
 Armour: Leather armour    |    53 |    56 |   158 ||   267
         Ring mail         |    34 |    15 |       ||    49
  Dodge: Dodged            |    95 |    74 |   147 ||   316

Table legend: (Time is in decaauts)
 A = Elapsed time spent in this place.
 B = Non-inter-level travel time spent in this place.
 C = Inter-level travel time spent in this place.
 D = Time resting spent in this place.
 E = Time spent auto-exploring this place.
 F = Levels seen in this place.
 G = Mean time per level.
                   A        B        C        D        E       F      G
               +--------+--------+--------+--------+--------+-----+--------+
         Total |   5165 |   5004 |    161 |    976 |   2897 |   6 |  860.8 |
       Dungeon |   5165 |   5004 |    161 |    976 |   2897 |   6 |  860.8 |
               +--------+--------+--------+--------+--------+-----+--------+

Top non-repeatable levels by time:
     D:5: 1319 daAuts
     D:1: 1277 daAuts
     D:4: 1044 daAuts
     D:3: 779 daAuts
     D:2: 480 daAuts
     D:6: 264 daAuts
